 Dungeon Crawl Stone Soup version 0.30.1-11-g7821555f0a (webtiles) character file.

Game seed: 3779009929152915888

493 Martska the Insei (level 7, -1/55 HPs)
             Began as a Human Monk on Dec 4, 2023.
             Splashed by a jelly's acid (9 damage)
             ... on level 5 of the Dungeon.
             The game lasted 00:07:49 (6719 turns).

Martska the Insei (Human Monk)                      Turns: 6719, Time: 00:07:51

Health: -1/55      AC: -9    Str: 19    XL:     7   Next: 37%
Magic:  9/9        EV: 14    Int: 11    God:
Gold:   210        SH:  0    Dex: 15    Spells: 7/9 levels left

rFire   . . .        p - +4 dagger
rCold   . . .        (no shield)
rNeg    . . .        a - +0 robe
rPois   .            (no helmet)
rElec   .            (no cloak)
rCorr   .            (no gloves)
SInv    .            g - +0 pair of boots
Will    .....        (no amulet)
Stlth   ++           k - +6 ring of strength
HPRegen 0.29/turn    (no ring)
MPRegen 0.11/turn

%: no passive effects
@: corroded
A: no striking features
a: no special abilities


You were on level 5 of the Dungeon.
You visited 1 branch of the dungeon, and saw 5 of its levels.

You collected 210 gold pieces.

Inventory:

Hand Weapons
 p - a +4 dagger (weapon)
Armour
 a - a +0 robe (worn)
 c - an orb of light
 g - a +0 pair of boots (worn)
Jewellery
 k - a +6 ring of strength (left hand)
 q - a ring of magical power
Wands
 w - a wand of polymorph (11)
Scrolls
 d - 7 scrolls of identify {unknown}
 e - 4 scrolls of teleportation {unknown}
 h - a scroll of immolation {unknown}
 l - a scroll of amnesia {unknown}
 o - a scroll of noise {unknown}
 r - a scroll of brand weapon {unknown}
 s - 2 scrolls of fear {unknown}
 v - a scroll of poison {unknown}
Potions
 b - 3 potions of might {unknown}
 f - a potion of curing
 i - 2 potions of attraction {unknown}
 j - a potion of ambrosia
 m - a potion of heal wounds {unknown}
 n - 2 potions of resistance {unknown}
 t - a potion of flight {unknown}
 u - a potion of magic {unknown}


   Skills:
 * Level 4.6 Fighting
 * Level 4.4 Dodging
 + Level 2.3 Stealth
 * Level 4.6 Unarmed Combat
 * Level 1.6 Spellcasting
 * Level 1.8 Translocations


You had 7 spell levels left.
You knew the following spells:

 Your Spells              Type           Power      Damage    Failure   Level
a - Blink                 Tloc           10%        N/A       22%         2

Your spell library contained the following spells:

 Spells                   Type           Power      Damage    Failure   Level
 Gell's Gravitas          Tloc           5%         N/A       38%         3
 Teleport Other           Tloc           5%         N/A       38%         3
 Manifold Assault         Tloc           5%         N/A       80%         4
 Dispersal                Tloc           2%         N/A       100%        6
 Storm Form               Tmut/Air       0%         N/A       100%        7


Dungeon Overview and Level Annotations

Branches:
Dungeon (5/15)
 Temple: D:4-7

Altars:
Nemelex Xobeh
Ru

Shops:
D:2 ?

Annotations:
D:4 Grinder


Message History

The jelly is lightly wounded.
The jelly hits you. The acid corrodes you!
You are splashed with acid!
You hit the jelly.
Your hands burn!
The jelly is moderately wounded.
The jelly barely misses you.
You hit the jelly but do no damage. The acid corrodes you!
Your hands burn!
The jelly is moderately wounded.
The jelly closely misses you.
You hit the jelly but do no damage.
Your hands burn!
The jelly is moderately wounded.
The jelly misses you.
You barely miss the jelly.
The jelly is moderately wounded.
The jelly closely misses you.
You barely miss the jelly.
The jelly is moderately wounded.
The jelly hits you. The acid corrodes you!
You are splashed with acid!
You hit the jelly.
Your hands burn!
You punch the jelly.
The jelly is severely wounded.
The jelly closely misses you.
You hit the jelly but do no damage.
Your hands burn!
The jelly is severely wounded.
The jelly misses you.
You hit the jelly.
Your hands burn!
The jelly is almost dead.
The jelly barely misses you.
You hit the jelly but do no damage.
Your hands burn!
The jelly is almost dead.
The jelly barely misses you.
You hit the jelly but do no damage.
Your hands burn!
* * * LOW HITPOINT WARNING * * *
The jelly is almost dead.
The jelly closely misses you.
You hit the jelly but do no damage.
Your hands burn!
* * * LOW HITPOINT WARNING * * *
The jelly is almost dead.
The jelly hits you.
* * * LOW HITPOINT WARNING * * *
You are splashed with acid!
You die...

#.............
#.............
#.....<.......
....###########+## ..
.........# .......).#
.........+ ........J#
...<....@# ##.###.##
#############.####
#...#...#...#....#
#...#...#...#....#
#...#...#...#....#
#...#>..#...#....# .#
#..###'##...#...## ..##
#..##..##†..#...##'###...#


You could see a jelly.

Vanquished Creatures
  An ogre (D:4)
  A scorpion (D:5)
  A hound (D:5)
  A jelly (D:4)
  Terence (D:2)
  3 orc wizards
  7 adders
  10 worms
  2 dart slugs
  7 orcs
  7 ball pythons
  12 bats
  3 endoplasms (D:1)
  5 giant cockroaches
  10 hobgoblins
  5 quokkas
  2 frilled lizards
  10 goblins
  6 kobolds
  2 rats (D:2)
96 creatures vanquished.

Notes
Turn   | Place    | Note
-------+----------+-------------------------------------------
     0 | D:1      | Martska the Human Monk began the quest for the Orb.
     0 | D:1      | Reached XP level 1. HP: 18/18 MP: 1/1
    81 | D:1      | Reached XP level 2. HP: 16/24 MP: 2/2
   162 | D:1      | Found a faded altar of an unknown god.
   507 | D:1      | Reached XP level 3. HP: 29/29 MP: 3/3
  1078 | D:2      | Noticed Terence
  1110 | D:2      | Killed Terence
  1111 | D:2      | Reached skill level 1 in Stealth
  1111 | D:2      | Reached XP level 4. HP: 6/37 MP: 4/4
  1940 | D:2      | Reached XP level 5. HP: 38/42 MP: 5/5
  2198 | D:2      | Found Xeilumokk's Magic Scroll Boutique.
  3368 | D:3      | Found a sparkling altar of Nemelex Xobeh.
  3450 | D:3      | Learned a level 2 spell: Blink
  3678 | D:2      | Reached XP level 6. HP: 32/48 MP: 6/6
  4011 | D:3      | Found a sacrificial altar of Ru.
  4577 | D:3      | HP: 2/48 [something/magic dart (10)]
  4840 | D:4      | Reached skill level 1 in Translocations
  5254 | D:4      | Noticed Grinder
  5255 | D:4      | Paralysed by Grinder for 3 turns
  5413 | D:4      | Noticed an ogre
  5425 | D:4      | Killed an ogre
  5426 | D:4      | Reached skill level 1 in Spellcasting
  5517 | D:4      | Reached XP level 7. HP: 11/55 MP: 8/8
  6429 | D:5      | Entered Level 5 of the Dungeon
  6719 | D:5      | Splashed by a jelly's acid

Illustrated notes

Levels and vault maps discovered:
D:1:      noname_arrival_rooms_in_the_neighbourhood, layout_basic,
          dreamdust_ecumenical_altar_statues, minmay_statues_item,
          serial_bayou_lagoon_b
D:2:      kennysheep_six_static_rooms, layout_basic, serial_shops, shop,
          st_stairs_8, uniq_terence
D:3:      layout_basic, hangedman_ru_absence, mainiacjoe_overflow_paths,
          minmay_cupped
D:4:      layout_layer_cave, uniq_grinder
D:5:      layout_gridville, lemuel_crystal_altar,
          lemuel_zombie_altar_yredelemnul, mainiacjoe_overflow_divided_tiny

Skill      XL: |  1  2  3  4  5  6 |
---------------+-------------------+-----
Stealth        | 1 2 |  2.3
Fighting       | 4 |  4.6
Unarmed Combat | 4 |  4.6
Dodging        | 4 |  4.4
Translocations | 1 |  1.8
Spellcasting   | 1 |  1.6

Action                     |  1- 3 |  4- 6 |  7- 9 || total
---------------------------+-------+-------+-------++-------
  Melee: Unarmed           |   158 |   206 |       ||   364
         Punch             |     6 |     5 |     2 ||    13
         Dagger            |       |    57 |    62 ||   119
    Use: Potion            |     1 |     4 |     2 ||     7
   Stab: Sleeping          |     4 |    10 |       ||    14
         Distracted        |       |     1 |       ||     1
 Armour: Robe              |    37 |    44 |     5 ||    86
  Dodge: Dodged            |   115 |   148 |    41 ||   304
